 Dungeon Sprint DCSS version 0.31-b1-22-gc680215f68 (webtiles) character file.

Game seed: 5145857124498537227

1300000 thiscave3701365 the Acrobat (level 15, -46/139 HPs)
             Began as a Djinni Warper on Jan 18, 2024.
             Was an Elder of Makhleb.
             Annihilated by a meat berserker
             ... wielding a +9 battleaxe
              (94 damage)
             ... in the Dungeon (Sprint VIII: "Arena of Blood").
             The game lasted 00:00:41 (13 turns).

thiscave3701365 the Acrobat (Djinni Warper)           Turns: 13, Time: 00:00:41

Health: -46/139    AC:  4    Str: 16    XL:     15   Next: 96%
Gold:   0          EV: 23    Int: 16    God:    Makhleb [****..] SH:  0 Dex: 13

rFire   + + .        h - +∞ Axe of Woe
rCold   x . .        (shield currently unavailable)
rNeg    . . .        a - +0 leather armour
rPois   ∞            (no helmet)
rElec   .            (no cloak)
rCorr   .            (no gloves)
SInv    .            (boots unavailable)
Will    +....        (no amulet)
Stlth   +            (no ring)
HPRegen 0.43/turn    (no ring)
MPRegen 0.00/turn

%: no teleportation, infuse magic (-47 HP)
@: flying
A: sickness immunity, fire resistance 2, cold vulnerability 1, float, innate
caster, HP casting, extra vitality 1
a: Renounce Religion, Minor Destruction, Lesser Servant of Makhleb, Major
Destruction


You were in the Dungeon.
You worshipped Makhleb.
Makhleb was greatly pleased with you.
You visited 1 branch

Inventory:

Hand Weapons
 h - the +∞ Axe of Woe (weapon)
   (You found it in the Dungeon)
Missiles
 c - 7 darts of dispersal
Armour
 a - a +0 leather armour (worn)
Scrolls
 b - 2 scrolls of blinking
Potions
 d - a potion of curing
 e - a potion of heal wounds
 f - a potion of haste
 g - a potion of berserk rage


   Skills:
 + Level 23.9 Fighting
 + Level 13.4 Axes
 + Level 7.1 Throwing
 + Level 8.6 Armour
 + Level 24.5 Dodging
 + Level 22.6 Unarmed Combat
 + Level 2.9 Spellcasting
 + Level 2.9 Conjurations
 + Level 2.9 Hexes
 + Level 2.9 Summonings
 + Level 2.9 Necromancy
 + Level 2.9 Translocations
 + Level 2.9 Fire Magic
 + Level 2.9 Ice Magic
 + Level 2.9 Air Magic
 + Level 2.9 Earth Magic
 + Level 2.9 Alchemy


You knew the following spells:

 Your Spells              Type           Power      Damage    Failure   Level
a - Blink                 Tloc           22%        N/A       10%         2
b - Lesser Beckoning      Tloc           22%        N/A       10%         2
c - Teleport Other        Tloc           11%        N/A       21%         3
d - Manifold Assault      Tloc           11%        N/A       54%         4
e - Vhi's Electric Charg  Tloc/Air       22%        N/A       54%         4
f - Necrotise             Necr           44%        1d6       7%          1
g - Jinxbite              Hex            22%        N/A       10%         2
h - Confusing Touch       Hex            11%        N/A       21%         3
i - Animate Armour        Summ/Erth      22%        N/A       54%         4
j - Anguish               Hex/Necr       5%         N/A       54%         4
k - Borgnjor's Vile Clut  Necr/Erth      5%         N/A       88%         5
l - Summon Cactus Giant   Summ           5%         N/A       100%        6
Your spell library was empty.


Dungeon Overview and Level Annotations

Branches:
Dungeon (1/1)

Altars:
Makhleb


Innate Abilities, Weirdness & Mutations

You are immune to sickness and miasma.
You are immune to poison.
Your flesh is very heat resistant. (rF++)
You are vulnerable to cold. (rC-)
You float through the air rather than walking.
You learn spells naturally, not from books.
Your magical power is your life essence.
You have superior vitality. (+4 MHP)


Message History

Makhleb accepts your kill.
You hear a shout!
The meat berserker rages.
A bag of meat comes into view. It is wielding a +9 war axe. x2
The meat berserker hits you with a +9 battleaxe!!!
* * * LOW HITPOINT WARNING * * *
Your Fighting skill gained 2 levels and is now at level 23!
Your Axes skill gained 3 levels and is now at level 13!
Your Throwing skill increases to level 7!
Your Armour skill increases to level 8!
Your Dodging skill gained 2 levels and is now at level 24!
Your Unarmed Combat skill gained 2 levels and is now at level 22!
You have reached level 15!
Your experience leads to an increase in your attributes!
Increase (S)trength, (I)ntelligence, or (D)exterity?
You feel stronger. x2
The power to cast Summon Cactus Giant wells up from within.
Spell assigned to 'l'.
Unknown command.
The bag of meat shouts!
You slice the bag of meat!!
You slaughter the bag of meat joyfully.
You kill the bag of meat!
Makhleb accepts your kill.
You feel better.
You slice the bag of meat!!
You butcher the bag of meat messily.
You kill the bag of meat!
Makhleb accepts your kill.
You can now hurl Makhleb's greater destruction.
You hit the meat berserker but do no damage.
You slaughter the meat berserker joyfully.
You kill the meat berserker!
Makhleb accepts your kill.
The bag of meat appears out of thin air!
A bag of meat comes into view. It is wielding a +9 war axe.
You hear a shout! x2
A meat berserker comes into view. It is wielding a +9 battleaxe.
A bag of meat comes into view. It is wielding a +9 war axe. x2
The meat berserker hits you with a +9 battleaxe!!!!
Ouch! That really hurt!
You die...

#.. ..# ...###...
..###.
........###......
#........_.....
..... #.....#
......#_.<._# .
......#.....#....
#.....OO)_.......
.ooO.O)@###......
...###.oO.o..###.
#..o....#
#....o..#
.....ooooO
.......o..o
.......o.oo
...........#


You could see 6 meat berserkers and 15 bags of meat.

Vanquished Creatures
  3 ogres (D)
  9 orcs (D)
12 creatures vanquished.

Notes
Turn   | Place    | Note
-------+----------+-------------------------------------------
     0 | D        | Found the +∞ Axe of Woe
     0 | D        | thiscave3701365 the Djinni Warper began the quest for the
                  | Orb.
     0 | D        | thiscave3701365 set off with the following spells
                  | memorised: Blink, Lesser Beckoning, Teleport Other,
                  | Manifold Assault, Vhi's Electric Charge.
     0 | D        | Reached XP level 1. HP: 18/18 MP: 0/0
     1 | D        | Noticed a bag of meat
     1 | D        | Noticed a bag of meat
     3 | D        | Became a worshipper of Makhleb the Destroyer
     5 | D        | Noticed a bag of meat
     6 | D        | Noticed a bag of meat
     6 | D        | Noticed a bag of meat
     6 | D        | Noticed a meat berserker
     7 | D        | Killed a bag of meat
     7 | D        | Noticed a bag of meat
     7 | D        | Noticed a bag of meat
     7 | D        | Noticed a bag of meat
     8 | D        | Reached skill level 15 in Dodging
     8 | D        | Reached XP level 2. HP: 42/42 MP: 0/0
     8 | D        | Reached XP level 3. HP: 48/48 MP: 0/0
     8 | D        | Learned a level 1 spell: Necrotise
     8 | D        | Reached XP level 4. HP: 54/54 MP: 0/0
     8 | D        | Reached XP level 5. HP: 59/59 MP: 0/0
     8 | D        | Learned a level 2 spell: Jinxbite
     8 | D        | Reached XP level 6. HP: 66/66 MP: 0/0
     8 | D        | Reached XP level 7. HP: 71/71 MP: 0/0
     8 | D        | Learned a level 3 spell: Confusing Touch
     8 | D        | Reached XP level 8. HP: 77/77 MP: 0/0
     8 | D        | Reached XP level 9. HP: 83/83 MP: 0/0
     8 | D        | Learned a level 4 spell: Animate Armour
     8 | D        | Reached XP level 10. HP: 89/89 MP: 0/0
     8 | D        | Reached XP level 11. HP: 94/94 MP: 0/0
     8 | D        | Learned a level 4 spell: Anguish
     8 | D        | Killed a bag of meat
     8 | D        | Reached * piety under Makhleb
     8 | D        | Killed a bag of meat
     8 | D        | Noticed a bag of meat
     8 | D        | Noticed a meat berserker
     8 | D        | Noticed a bag of meat
     8 | D        | Noticed a bag of meat
     8 | D        | Noticed a bag of meat
     9 | D        | Reached skill level 5 in Throwing
     9 | D        | Reached skill level 19 in Dodging
     9 | D        | Reached XP level 12. HP: 84/108 MP: 0/0
     9 | D        | Reached XP level 13. HP: 88/113 MP: 0/0
     9 | D        | Learned a level 5 spell: Borgnjor's Vile Clutch
     9 | D        | Killed a bag of meat
     9 | D        | Noticed a bag of meat
    10 | D        | Reached skill level 20 in Dodging
    10 | D        | Noticed a meat berserker
    10 | D        | Killed a meat berserker
    10 | D        | Reached ** piety under Makhleb
    10 | D        | Noticed a meat berserker
    10 | D        | Noticed a meat berserker
    10 | D        | Noticed a bag of meat
    10 | D        | Noticed a bag of meat
    10 | D        | Noticed a meat berserker
    10 | D        | Noticed a meat berserker
    10 | D        | Noticed a bag of meat
    10 | D        | Noticed a bag of meat
    11 | D        | Reached skill level 22 in Dodging
    11 | D        | Reached XP level 14. HP: 49/126 MP: 0/0
    11 | D        | Killed a bag of meat
    11 | D        | Noticed a bag of meat
    11 | D        | Noticed a bag of meat
    11 | D        | Noticed a bag of meat
    11 | D        | Noticed a meat berserker
    12 | D        | Reached skill level 10 in Axes
    12 | D        | Killed a bag of meat
    12 | D        | Killed a meat berserker
    12 | D        | Reached *** piety under Makhleb
    12 | D        | Killed a bag of meat
    12 | D        | Noticed a bag of meat
    12 | D        | Noticed a bag of meat
    13 | D        | Reached skill level 24 in Dodging
    13 | D        | Reached XP level 15. HP: 22/139 MP: 0/0
    13 | D        | Learned a level 6 spell: Summon Cactus Giant
    13 | D        | Reached **** piety under Makhleb
    13 | D        | Killed a meat berserker
    13 | D        | Noticed a meat berserker
    13 | D        | Annihilated by a meat berserker

Illustrated notes

Levels and vault maps discovered:
D:        meatsprint

Skill      XL: |  1  2  3  4  5  6  7  8  9 10 11 12 13 14 |
---------------+-------------------------------------------+-----
Fighting       | 14 17 20 23 | 23.9
Axes           | 3 6 9 13 | 13.4
Throwing       | 4 5 6 7 |  7.1
Armour         | 4 6 7 8 |  8.6
Dodging        | 15 19 22 24 | 24.5
Unarmed Combat | 14 17 20 22 | 22.6
Spellcasting   | |  2.9
Conjurations   | |  2.9
Hexes          | |  2.9
Summonings     | |  2.9
Necromancy     | |  2.9
Translocations | |  2.9
Fire Magic     | |  2.9
Ice Magic      | |  2.9
Air Magic      | |  2.9
Earth Magic    | |  2.9
Alchemy        | |  2.9

Action                     |  1- 3 |  4- 6 |  7- 9 | 10-12 | 13-15 || total
---------------------------+-------+-------+-------+-------+-------++-------
  Melee: Executioner's axe |     1 |       |       |     1 |     5 ||     7
 Armour: Leather armour    |       |       |       |     1 |     5 ||     6
